 Dungeon Crawl Stone Soup version 0.28-a0-43-g560ac104fe (webtiles) character file.

Game seed: 2736129872564428472

3171 HAL9000 the Grappler (level 9, -4/75 HPs)
             Began as a White Draconian Transmuter on July 28, 2021.
             Was a Follower of Elyvilon.
             Slain by Harold (8 damage)
             ... on level 7 of the Dungeon.
             The game lasted 00:12:51 (8853 turns).

HAL9000 the Grappler (White Draconian Transmuter)   Turns: 8853, Time: 00:12:52

Health: -4/75      AC: -2    Str: 13    XL:     9   Next: 63%
Magic:  10/12      EV: 19    Int: 16    God:    Elyvilon [*.....]
Gold:   311        SH:  5    Dex: 17    Spells: 7/13 levels left

rFire   . . .      SeeInvis +     - Unarmed
rCold   + . .      Faith    .   (shield currently unavailable)
rNeg    . . .      Spirit   .   (armour unavailable)
rPois   x          Reflect  +   (helmet currently unavailable)
rElec   .          Harm     .   (cloak currently unavailable)
rCorr   .          Rampage  .   (gloves currently unavailable)
Will    .....                   (boots currently unavailable)
Stlth   ++........              m - amulet of reflection
HPRegen 0.22/turn               e - ring of protection from cold
MPRegen 0.13/turn               k - ring of see invisible

@: spider-form (expiring), marked, corroded
A: venomous fangs, (breathe frost), AC +7, tiny, unfitting armour, (cold
resistance 1), (cold-blooded)
a: End Transformation, Renounce Religion, Lesser Healing, Divine Protection


You were on level 7 of the Dungeon.
You worshipped Elyvilon.
Elyvilon was aware of your devotion.
You were a venomous arachnid creature.
You visited 2 branches of the dungeon, and saw 8 of its levels.

You collected 311 gold pieces.

Inventory:

Missiles
 i - 5 atropa-tipped darts
 F - 7 javelins
Armour
 g - a +0 pair of gloves (melded)
 G - a +0 buckler (melded)
Magical Staves
 o - a staff of fire
Jewellery
 e - a ring of protection from cold (left front leg)
 k - a ring of see invisible (right front leg)
 m - an amulet of reflection (around neck)
 s - a ring of flight
 w - a ring of ice
Wands
 c - a wand of mindburst (7)
 q - a wand of paralysis (4)
 r - a wand of flame (16)
 t - a wand of polymorph (11)
 x - a wand of acid (6)
Scrolls
 a - 2 scrolls of teleportation
 d - 3 scrolls of magic mapping
 h - a scroll of silence {unknown}
 j - 2 scrolls of amnesia {unknown}
 l - a scroll of torment {unknown}
 y - a scroll of acquirement {unknown}
 A - a scroll of blinking {unknown}
 E - a scroll of noise {unknown}
Potions
 b - 3 potions of attraction
 f - a potion of flight
 n - 6 potions of curing
 p - 2 potions of ambrosia
 u - a potion of brilliance {unknown}
 v - 2 potions of resistance
 z - a potion of heal wounds {unknown}
 B - a potion of degeneration {unknown}
 C - a potion of mutation {unknown}
 D - a potion of lignification {unknown}


   Skills:
 - Level 6.2 Fighting
 - Level 2.3 Dodging
 - Level 1.0 Stealth
 + Level 1.8 Shields
 - Level 10.0 Unarmed Combat
 - Level 2.6 Spellcasting
 - Level 7.0 Transmutations


You had 7 spell levels left.
You knew the following spells:

 Your Spells              Type           Power      Damage    Failure   Level
a - Beastly Appendage     Tmut           48%        N/A       5%          1
b - Wereblood             Tmut           24%        N/A       7%          2
c - Spider Form           Tmut/Pois      6%         N/A       32%         3

Your spell library contained the following spells:

 Spells                   Type           Power      Damage    Failure   Level
 Sublimation of Blood     Necr           1%         N/A       52%         2
 Ice Form                 Ice/Tmut       13%        N/A       63%         4
 Summon Hydra             Summ           1%         N/A       100%        7


Dungeon Overview and Level Annotations

Branches:
Dungeon (7/15)             Temple (1/1) D:5

Altars:
Ashenzari
Cheibriados
Dithmenos
Elyvilon
Fedhas
Gozag
Hepliaklqana
Kikubaaqudgha
Makhleb
Nemelex Xobeh
Okawaru
Qazlal
Ru
Sif Muna
Trog
Uskayaw
Vehumet
Wu Jian
Xom
Yredelemnul
Zin
The Shining One

Shops:
D:2 (   D:7 [

Annotations:
D:7 Harold


Innate Abilities, Weirdness & Mutations

You are a venomous arachnid creature.
You have poisonous fangs.
You are tiny and dextrous.
Your spellcasting is less reliable in this form.
Your armour is entirely melded.
You are incapable of wielding weapons or throwing items.
((You can breathe waves of freezing cold which knock back foes.))
((Your icy white scales are hard. (AC +7)))
You cannot fit into any form of body armour.
((Your flesh is cold resistant. (rC+)))
((You are cold-blooded and may be slowed by cold attacks.))


Message History

You start resting.
HP restored.
Okay, then.
Casting: Spider Form (dangerous; 19% risk of failure)
Confirm with . or Enter, or press ? or * to list all spells.
Okay, then.
Casting: Spider Form (dangerous; 19% risk of failure)
Confirm with . or Enter, or press ? or * to list all spells.
You turn into a venomous arachnid creature.
Your +0 pair of gloves melds into your body.
Your +0 buckler melds into your body.
Unknown command.
You climb downwards.
Level annotation: Harold Harold gestures at you while chanting.
A sentinel's mark forms upon you.
There is a stone staircase leading up, spattered with blood here.
Okay, then.
Unknown command.
Harold fires a harpoon shot at you. The harpoon shot hits you!
You are yanked forward by the harpoon shot.
You hit Harold.
Harold is lightly wounded.
Harold says, "Ah, this is what I got into this business for!"
Harold hits you with a +0 trident.
You hit Harold but do no damage.
Harold is poisoned.
Harold is lightly wounded.
Harold zaps a wand.
The bolt of acid hits you!
You are splashed with acid!
You hit Harold.
Harold looks as sick as possible!
Harold is lightly wounded.
Harold zaps a wand.
The bolt of acid hits you!
* * * LOW HITPOINT WARNING * * *
The acid corrodes you!
You are splashed with acid!
* * * LOW HITPOINT WARNING * * *
The now-empty wand crumbles to dust.
Okay, then.
Your transformation is almost over.
Harold hits you from afar with a +0 trident!
You die...

.###...#####................ .#
##..).........#...#####. .#
##..#))..###.##..## .#
#..###....#.....## .. ##
##.##....)####...### .. ##
#..###..[.## ##.##.#### .##
.###...##..)).# #@.##....##..# .
.#............###..##......# ..
......##.......#s..........# ..#
#.....##............#......#..##
##....##......<.##..#.##.......#
#...................###......###
##..#................#....####
##.#.....................#
###.....#...##.......####
###...###...##..#### #..##
#....#.##..###


You could see Harold (extremely poisoned).

Vanquished Creatures
  Pikel (D:6)
  A steam dragon (D:6)
  Menkaure (D:5)
  A water moccasin (D:7)
  Duvessa (D:5)
  A hornet zombie (D:6)
  An orc warrior (D:6)
  2 sky beasts (D:5)
  3 necrophages (D:6)
  2 centaurs
  4 ogres
  2 lemures (D:6)
  A phantom (D:5)
  Blork the orc (D:5)
  A wyvern zombie (D:6)
  2 gnoll sergeants (D:7)
  3 scorpions
  Dowan (D:5)
  A water moccasin skeleton (D:4)
  A centaur zombie (D:6)
  3 hounds
  A bullfrog skeleton (D:5)
  2 centaur skeletons
  Ijyb (D:5)
  An orc wizard (D:4)
  A killer bee zombie (D:6)
  A hound zombie (D:5)
  A hound skeleton (D:4)
  A howler monkey zombie (D:6)
  A howler monkey skeleton (D:6)
  4 adders
  9 gnolls
  A shadow imp (D:6)
  An ufetubus (D:4)
  2 adder skeletons (D:4)
  2 worms
  4 dart slugs
  7 orcs
  9 ball pythons
  5 bats
  6 endoplasms
  2 giant cockroaches (D:2)
  8 goblins
  7 hobgoblins
  6 jackals
  3 quokkas
  4 frilled lizards
  9 kobolds
  4 rats
137 creatures vanquished.

Notes
Turn   | Place    | Note
-------+----------+-------------------------------------------
     0 | D:1      | HAL9000 the Draconian Transmuter began the quest for the
                  | Orb.
     0 | D:1      | Reached XP level 1. HP: 16/16 MP: 3/3
   301 | D:1      | Reached XP level 2. HP: 17/23 MP: 3/5
   447 | D:1      | Learned a level 2 spell: Wereblood
   849 | D:1      | Reached XP level 3. HP: 23/28 MP: 4/6
  1235 | D:2      | Found Kuvvawut's Weapon Emporium.
  1266 | D:2      | Noticed a golden eye
  1277 | D:2      | Found a faded altar of an unknown god.
  1416 | D:2      | Noticed a shining eye
  1572 | D:2      | Noticed a shining eye
  1574 | D:2      | Noticed a scorpion
  1576 | D:2      | Noticed a shining eye
  1584 | D:2      | Learned a level 3 spell: Spider Form
  1592 | D:2      | Killed a scorpion
  1593 | D:2      | Reached skill level 1 in Stealth
  1593 | D:2      | Reached skill level 4 in Unarmed Combat
  1593 | D:2      | Reached XP level 4. HP: 35/35 MP: 3/7
  1756 | D:3      | Found an iron altar of Okawaru.
  1990 | D:3      | Reached XP level 5. HP: 35/40 MP: 4/8
  2941 | D:4      | Noticed an ogre
  2959 | D:4      | Killed an ogre
  3245 | D:4      | Found a shadowy altar of Dithmenos.
  3315 | D:4      | Reached XP level 6. HP: 36/47 MP: 7/9
  3346 | D:4      | Reached skill level 5 in Transmutations
  4179 | D:5      | Entered Level 5 of the Dungeon
  4184 | D:5      | Noticed Menkaure
  4305 | D:5      | Killed Menkaure
  4378 | D:5      | Noticed a sky beast
  4386 | D:5      | Killed a sky beast
  4387 | D:5      | Your scales start taking on an icy white colour.
  4387 | D:5      | Reached XP level 7. HP: 44/52 MP: 6/10
  4387 | D:5      | Gained mutation: Your flesh is cold resistant. (rC+) [White
                  | Draconian growth]
  4604 | D:5      | Noticed Ijyb
  4615 | D:5      | Killed Ijyb
  4953 | D:5      | Found a staircase to the Ecumenical Temple.
  4998 | D:5      | Reached skill level 5 in Unarmed Combat
  5096 | D:5      | Noticed Dowan
  5098 | D:5      | Noticed Duvessa
  5120 | D:5      | Killed Duvessa
  5121 | D:5      | Reached XP level 8. HP: 40/63 MP: 9/11
  5125 | D:5      | Killed Dowan
  5139 | Temple   | Entered the Ecumenical Temple
  5455 | D:5      | Reached skill level 6 in Unarmed Combat
  5847 | D:6      | Noticed Blork the orc
  5862 | D:5      | Killed Blork the orc
  6046 | D:6      | Reached skill level 7 in Unarmed Combat
  6056 | D:6      | Reached skill level 5 in Fighting
  6300 | D:6      | Reached skill level 8 in Unarmed Combat
  6414 | D:6      | Reached XP level 9. HP: 74/74 MP: 12/12
  6771 | D:6      | Noticed Pikel
  6792 | D:6      | Killed Pikel
  6793 | D:6      | Reached skill level 9 in Unarmed Combat
  6963 | D:6      | Found a white marble altar of Elyvilon.
  7324 | D:6      | Became a worshipper of Elyvilon the Healer
  7710 | D:7      | Noticed Harold
  7716 | D:7      | Found a burning altar of Makhleb.
  7775 | D:7      | Found Sachol's Antique Armour Shoppe.
  7867 | D:7      | Reached skill level 10 in Unarmed Combat
  8011 | D:7      | Reached skill level 1 in Shields
  8116 | D:7      | Reached * piety under Elyvilon
  8853 | D:7      | Slain by Harold

Illustrated notes

Levels and vault maps discovered:
D:1:      co_arrival_square_in_a_square_in_a_square, layout_basic,
          grunt_decor_mini_mirrors
D:2:      layout_rooms, hellmonk_ecumenical_altar_watching_god, serial_shops,
          nicolae_shop_behind_doors, nicolae_underground_beach
D:3:      layout_basic, kennysheep_okawaru_gauntlet, serial_glass,
          glass_columns_b, glass_columns_c
D:4:      layout_basic, kennysheep_mini
D:5:      layout_basic, temple_doors_cd, gup_sewer_entry_bowl, uniq_menkaure,
          uniq_duvessa, uniq_ijyb
D:6:      layout_basic, nicolae_elyvilon_peaceful_grove, minivault_23,
          kennysheep_big_empty_room, grunt_ministairs_4,
          minmay_fractal_squares_diagonal_5, uniq_blork_the_orc, uniq_pikel
D:7:      layout_cave_pools, kennysheep_little_box, serial_shops,
          nicolae_stop_n_shop_1, uniq_harold
Temple:   hc_temple_tempest_star

Skill      XL: |  1  2  3  4  5  6  7  8  9 |
---------------+----------------------------+-----
Dodging        | 2 |  2.3
Stealth        | 1 |  1.0
Unarmed Combat | 4 5 8 10 | 10.0
Transmutations | 4 6 7 |  7.0
Fighting       | 3 5 6 |  6.2
Shields        | 1 |  1.8
Spellcasting   | |  2.6

Action                   |  1- 3 |  4- 6 |  7- 9 || total
-------------------------+-------+-------+-------++-------
Melee: Unarmed           |   127 |   139 |   276 ||   542
       Tailslap          |    11 |    14 |    19 ||    44
       Headbutt          |     5 |    13 |    22 ||    40
       Kick              |    10 |    22 |    30 ||    62
       Punch             |       |     2 |     3 ||     5
 Cast: Beastly Appendage |    14 |    21 |    16 ||    51
       Wereblood         |     4 |     2 |     5 ||    11
       Spider Form       |     1 |     2 |    11 ||    14
 Abil: Breathe Frost     |       |       |     4 ||     4
Evoke: Wand              |       |       |     4 ||     4
  Use: Scroll            |     2 |     3 |     3 ||     8
       Potion            |       |     1 |     1 ||     2
 Stab: Sleeping          |     1 |     2 |       ||     3
Armor: Skin              |    48 |    42 |    54 ||   144
Dodge: Dodged            |    86 |    99 |   151 ||   336
Block: Other             |       |     1 |    54 ||    55
       Reflection        |       |       |     3 ||     3
       Buckler           |       |       |    15 ||    15

Table legend: (Time is in decaauts)
 A = Elapsed time spent in this place.
 B = Non-inter-level travel time spent in this place.
 C = Inter-level travel time spent in this place.
 D = Time resting spent in this place.
 E = Time spent auto-exploring this place.
 F = Levels seen in this place.
 G = Mean time per level.
                   A        B        C        D        E       F      G
               +--------+--------+--------+--------+--------+-----+--------+
         Total |   8841 |   8559 |    282 |   1878 |   5343 |   8 | 1105.1 |
       Dungeon |   8545 |   8277 |    268 |   1878 |   5062 |   7 | 1220.7 |
        Temple |    295 |    281 |     14 |      0 |    281 |   1 |  295.0 |
               +--------+--------+--------+--------+--------+-----+--------+

Top non-repeatable levels by time:
     D:6: 2149 daAuts
     D:4: 1400 daAuts
     D:5: 1295 daAuts
     D:1: 1179 daAuts
     D:3: 1141 daAuts
     D:7: 827 daAuts
     D:2: 552 daAuts
  Temple: 295 daAuts
